 Dungeon Crawl Stone Soup version 0.31-a0-167-g1c394c0614 (webtiles) character file.

Game seed: 11869878078860348656

371 qw the Shooter (level 6, -1/38 HPs)
             Began as a Gargoyle Hunter on June 14, 2023.
             Was an Initiate of Okawaru.
             Slain by a gnoll
             ... wielding a +0 spear
             ... led by a gnoll bouda
              (8 damage)
             ... on level 4 of the Dungeon.
             The game lasted 00:01:10 (2282 turns).

qw the Shooter (Gargoyle Hunter)                    Turns: 2282, Time: 00:01:11

Health: -1/38      AC:  9    Str: 15    XL:     6   Next: 71%
Magic:  6/6        EV: 11    Int:  9    God:    Okawaru [......]
Gold:   87         SH:  0    Dex: 15    Spells: 5/5 levels left

rFire   . . .        Y - +1 shortbow
rCold   . . .        (shield currently unavailable)
rNeg    + . .        g - +0 ring mail
rPois   inf          (no helmet)
rElec   +            (no cloak)
rCorr   .            (no gloves)
SInv    .            (no boots)
Will    .....        (no amulet)
Stlth   +            (no ring)
HPRegen 0.26/turn    (no ring)
MPRegen 0.10/turn

%: no passive effects
@: about to teleport, weakened
A: sickness immunity, AC +4, negative energy resistance 1, electricity
resistance, torment resistance 1, petrification resistance
a: Renounce Religion


You were on level 4 of the Dungeon.
You worshipped Okawaru.
Okawaru was noncommittal.
You visited 1 branch of the dungeon, and saw 4 of its levels.

You collected 213 gold pieces.
You spent 126 gold pieces at shops.


Innate Abilities, Weirdness & Mutations

You are immune to sickness and miasma.
Your stone body is resilient. (AC +4)
You are immune to poison.
You resist negative energy. (rN+)
You are resistant to electric shocks. (rElec)
You are resistant to unholy torment.
You are immune to petrification.


   Skills:
 - Level 4.0 Fighting
 + Level 7.0 Ranged Weapons
 - Level 1.0 Armour
 - Level 1.5 Dodging
 - Level 1.1 Stealth


You had 5 spell levels left.
You didn't know any spells.
Your spell library was empty.

Inventory:

Hand Weapons
 Y - a +1 shortbow (weapon)
Armour
 g - a +0 ring mail (worn)
 h - a +0 pair of boots
 i - a +0 pair of gloves
Scrolls
 a - 4 scrolls of identify
 b - a scroll of vulnerability {unknown}
 l - a scroll of amnesia {unknown}
Potions
 c - a potion of degeneration {unknown}
 d - a potion of mutation {unknown}
 e - a potion of lignification {unknown}
 f - 2 potions of curing {unknown}
 j - a potion of heal wounds {unknown}

Dungeon Overview and Level Annotations

Branches:
Dungeon (4/15)             Temple (0/1) D:4

Altars:
Okawaru
Uskayaw

Shops:
D:4 [


Message History

The gnoll bouda is severely wounded.
The gnoll bouda closely misses you. The gnoll hits you but does no damage.
The gnoll closely misses you. The gnoll bouda barely misses you.
The gnoll misses you.
You shoot an arrow. The arrow hits the gnoll bouda.
The gnoll bouda is severely wounded.
The gnoll hits you from afar with a +0 spear.
The gnoll bouda gazes fiercely through you!
You feel as though you will be weak longer.
The gnoll bouda hits you with a +0 whip.
You shoot an arrow.
The arrow hits the gnoll bouda but does no damage.
The gnoll bouda is severely wounded.
The gnoll hits you but does no damage.
The gnoll bouda mumbles some strange prayers to its god.
The gnoll bouda is healed somewhat.
The gnoll closely misses you.
You shoot an arrow. The arrow hits the gnoll bouda!
The gnoll bouda is almost dead.
The gnoll is no longer moving quickly.
The gnoll completely misses you.
The gnoll bouda barks out a call to the hunt!
The gnoll picks up the pace!
The gnoll hits you but does no damage.
You shoot an arrow.
The arrow barely misses the gnoll bouda.
The gnoll barely misses you.
The gnoll bouda gazes fiercely through you!
You feel as though you will be weak longer.
The gnoll bouda barely misses you. The gnoll closely misses you.
The gnoll hits you with a +0 flail.
You shoot an arrow. The arrow hits the gnoll bouda.
You kill the gnoll bouda!
Okawaru accepts your kill. The gnoll hits you but does no damage.
The gnoll hits you with a +0 flail.
Your Ranged Weapons skill increases to level 7!
2282 ||| READING scroll of teleportation.
As you read the scroll of teleportation, it crumbles to dust.
You feel strangely unstable.
The gnoll is no longer moving quickly.
The gnoll hits you from afar with a +0 spear!
You die...

#......#
......########.# #
##.....#.....#.# ..
##..............# ...
#....%........... ....
#...............# .....
#...............#
......##...)...........#
......)@................
......g##...............
.....g.........#........
......#####..####.##.##.
...... ##....#..#....
...... ####........#
..... ####.###.. .....
##########.##...
#.............##


You could see 2 gnolls.

Vanquished Creatures
  A hound (D:4)
  A gnoll bouda (D:4)
  A jelly (D:4)
  Natasha (twice) (D:3)
  Robin (D:4)
  7 gnolls
  5 adders
  2 worms
  5 dart slugs
  2 orcs
  10 endoplasms
  2 giant cockroaches
  15 goblins
  10 hobgoblins
  A kobold (D:2)
  7 quokkas
  6 ball pythons
  2 bats
  4 frilled lizards
  14 rats
98 creatures vanquished.

Notes
Turn   | Place    | Note
-------+----------+-------------------------------------------
     0 | D:1      | qw the Gargoyle Hunter began the quest for the Orb.
     0 | D:1      | Reached XP level 1. HP: 12/12 MP: 1/1
     0 | D:1      | 0 ||| qw: Version: 0.2-a-29-g1fa15c8
     0 | D:1      | 0 ||| qw: Game counter: 5139
     0 | D:1      | 0 ||| qw: Always use a shield: true
     0 | D:1      | 0 ||| qw: God list: Okawaru
     0 | D:1      | 0 ||| qw: Allow faded altars: false
     0 | D:1      | 0 ||| qw: Do Orc after D:15 true
     0 | D:1      | 0 ||| qw: Do second Lair branch before Depths: true
     0 | D:1      | 0 ||| qw: Lair rune preference: random
     0 | D:1      | 0 ||| qw: Plans: Normal, Zot:1-4, Slime:5, God:TSO, Crypt,
                  | Tomb, Abyss, Pan, Hells, Win
     0 | D:1      | 0 ||| PLANNING D:1-11
   122 | D:1      | Reached XP level 2. HP: 15/17 MP: 2/2
   496 | D:1      | 496 ||| READING scroll labelled YRGHIFI SEZA.
   497 | D:1      | 497 ||| READING scroll labelled KIOMEE IPLA.
   498 | D:1      | 498 ||| READING 3 scrolls labelled TILEOB XUADDI.
   499 | D:1      | 499 ||| DROPPING scroll of butterflies.
   500 | D:1      | 500 ||| DROPPING 2 scrolls of blinking.
   549 | D:2      | Reached XP level 3. HP: 21/21 MP: 3/3
   581 | D:2      | Reached skill level 5 in Ranged Weapons
   762 | D:2      | Reached skill level 3 in Fighting
   811 | D:2      | Found an iron altar of Okawaru.
   812 | D:2      | 812 ||| PLANNING OKAWARU WORSHIP
   812 | D:2      | 812 ||| READING 2 scrolls labelled LUIHEJ ROAPRYT.
   899 | D:2      | Reached XP level 4. HP: 28/28 MP: 4/4
   901 | D:2      | Became a worshipper of Warmaster Okawaru
   902 | D:2      | 902 ||| PLANNING D:1-11
  1219 | D:2      | 1219 ||| UPGRADING to +0 ring mail.
  1229 | D:2      | 1229 ||| DROPPING +0 leather armour.
  1323 | D:3      | Reached skill level 1 in Armour
  1344 | D:3      | Reached XP level 5. HP: 30/32 MP: 5/5
  1448 | D:3      | Found a hide-covered altar of Uskayaw.
  1456 | D:3      | Reached skill level 6 in Ranged Weapons
  1468 | D:3      | Noticed Natasha
  1479 | D:3      | Killed Natasha
  1730 | D:3      | Noticed Natasha
  1740 | D:3      | Killed Natasha
  1836 | D:3      | 1836 ||| READING scroll labelled RIAN VENTAF.
  1837 | D:3      | 1837 ||| READING scroll labelled AWYCAOWISO.
  1838 | D:3      | 1838 ||| READING scroll labelled GYAFOKH BIHU.
  1865 | D:4      | Found Zooroh's Armour Shop.
  1872 | D:4      | 1872 ||| BUYING +0 pair of boots (63 gold).
  1872 | D:4      | Bought a +0 pair of boots for 63 gold pieces
  1872 | D:4      | 1872 ||| BUYING +0 pair of gloves (63 gold).
  1872 | D:4      | Bought a +0 pair of gloves for 63 gold pieces
  1939 | D:4      | Found a staircase to the Ecumenical Temple.
  1944 | D:4      | Noticed Robin
  1945 | D:4      | 1945 ||| Stepping ~*~*~tactically~*~*~ (outnumbered).
  1948 | D:4      | Reached XP level 6. HP: 38/38 MP: 6/6
  1961 | D:4      | Killed Robin
  1971 | D:4      | HP: 9/38 [scorpion (1)]
  1972 | D:4      | 1972 ||| READING scroll of teleportation.
  2281 | D:4      | HP: 7/38 [gnoll/+0 flail[a gnoll bouda] (6)]
  2282 | D:4      | Reached skill level 7 in Ranged Weapons
  2282 | D:4      | 2282 ||| READING scroll of teleportation.
  2282 | D:4      | Slain by a gnoll

Levels and vault maps discovered:
D:1:      minmay_arrival_glassed_features, layout_basic, minmay_misc_feat_roman,
          minmay_rat_gold_closets
D:2:      layout_basic, basic_altar
D:3:      layout_basic, nicolae_overflow_crystal_walls,
          chequers_serial_rivers_micro_c, feat_on_display, uniq_natasha
D:4:      layout_rooms, kennysheep_mini, minmay_temple_entry_drinking_statues,
          serial_shops, shop, supply_closet_lemuel, uniq_robin

Skill      XL: |  1  2  3  4  5  6 |
---------------+-------------------+-----
Ranged Weapons | 5 6 7 |  7.0
Fighting       | 3 4 |  4.0
Armour         | 1 |  1.0
Dodging        | |  1.5
Stealth        | |  1.1

Action                     |  1- 3 |  4- 6 || total
---------------------------+-------+-------++-------
   Fire: Shortbow          |    80 |   210 ||   290
    Use: Scroll            |     4 |     5 ||     9
 Armour: Leather armour    |     3 |     7 ||    10
         Ring mail         |       |    53 ||    53
  Dodge: Dodged            |     7 |    85 ||    92

Table legend:
 A = Non-vault XP
 B = Vault XP
 C = Vault XP percentage of total XP
 D = Non-vault monster count
 E = Vault monster count
 F = Vault count percentage of total count
                 A         B        C        D         E       F
            +---------+---------+-------+---------+---------+-------
      Total |     456 |      75 |  14.1 |      78 |      20 |  20.4
            +---------+---------+-------+---------+---------+-------
        D:1 |      24 |       8 |  25.0 |      14 |       8 |  36.4
        D:2 |      85 |       0 |   0.0 |      24 |       0 |   0.0
        D:3 |     157 |      35 |  18.2 |      26 |       1 |   3.7
        D:4 |     190 |      32 |  14.4 |      14 |      11 |  44.0
            +---------+---------+-------+---------+---------+-------
